[Event "Team 45 45 League T44"]
[Site "Internet Chess Club"]
[Date "2010.02.12"]
[Round "2"]
[White "yemisco1"]
[Black "crazyhorses"]
[Result "1/2-1/2"]
[WhiteElo "1404"]
[BlackElo "1480"]
[Opening "Queen's pawn: Chigorin variation"]
[ECO "D00"]
[Time "14:00:44"]
[TimeControl "2700+45"]

1. d4 d5 2. Nc3 Nf6 3. g3 Bf5 4. a3 e6 5. Bg2 c5 6. e3 Nc6 7. Nf3 Be7 8. O-O O-O
9. Re1 Rc8 10. Ne5 Nxe5 11. dxe5 Ne4 12. Nxe4 Bxe4 13. Bxe4 dxe4 14. Qxd8 Rfxd8
15. c4 Rd3 16. Kf1 Rcd8 17. Ke2 R8d7 18. a4 Bd8 19. Ra3 Rxa3 20. bxa3 Ba5 21.
Rd1 Rxd1 22. Kxd1 Bc3 23. Ke2 Bxe5 24. f4 exf3+ 25. Kxf3 f5 26. h3 h5 27. g4
hxg4+ 28. hxg4 g6 29. gxf5 gxf5 30. e4 Kf7 31. exf5 exf5 32. Ke3 Kg6 33. Kf3 Kh5
34. Be3 b6 35. a5 Kg6 36. axb6 axb6 37. a4 Bd6 38. Bd2 Bc7 39. Be3 Kf6 40. Bd2
Be5 41. a5 bxa5 42. Bxa5 Ke6 43. Bd2 Kd6 44. Bc1 Kc6 45. Bd2 Kb6 46. Be1 Kc6 47.
Bd2 Kd7 48. Ba5 Bd6 49. Bb6 Ke6 50. Ba5 Be5 51. Bd2 Bd4 52. Bf4 Bc3 53. Be3 Bd4
54. Bf4 Kd7 55. Bg3 Ke6 56. Bh2 Kf6 57. Bf4 Bg1 58. Bd6 Kg5 59. Bf4+ Kh4 60.
Bg3+ Kh5 61. Kf4 Kg6 62. Ke5 Be3 63. Kd5 Kg5 64. Bd6 f4 65. Ke4 Kg4 66. Be5 Bg1
67. Bxf4 Kh5 68. Bd6 Kg6 69. Kd5 Kf7 70. Kc6 Ke8 71. Bc7 Bd4 72. Bd6 Kd8 73.
Bxc5 Bxc5 74. Kxc5 Kc7 75. Kd5 Kd7 76. Kc5 Kc7 77. Kb5 Kb7 78. c5 Kc7 79. c6 Kc8
80. Kb6 Kb8 81. Kc5 Kc7 82. Kb5 Kc8 83. Kb6 Kb8 84. Kc5 Kc7 85. Kd5 Kc8 86. Kd6
Kd8 87. Ke6 Kc7 88. Kd5 Kc8 89. Kd6 Kd8 90. Ke6 Kc7 91. Kd5 {Game drawn by
repetition} 1/2-1/2

[Event "Team 45 45 League T44"]
[Site "Internet Chess Club"]
[Date "2010.02.14"]
[Round "2"]
[White "reverendjim"]
[Black "IanT"]
[Result "1/2-1/2"]
[WhiteElo "1442"]
[BlackElo "1423"]
[Opening "Ruy Lopez: classical defense, 4.c3"]
[ECO "C64"]
[Time "08:01:55"]
[TimeControl "2700+45"]

1. e4 e5 2. Nf3 Nc6 3. Bb5 Bc5 4. c3 d5 5. d4 exd4 6. cxd4 Bb4+ 7. Bd2 Bxd2+ 8.
Nbxd2 Nf6 9. O-O a6 10. Ba4 b5 11. Bc2 Bg4 12. e5 Nd7 13. h3 Bh5 14. Nb3 a5 15.
Qd3 Bxf3 16. Qxf3 a4 17. Nd2 Nxd4 18. Qd3 Nxc2 19. Qxc2 Nxe5 20. Rfe1 f6 21.
Qc6+ Kf7 22. Qc2 Ng6 23. Nf3 Rf8 24. Rad1 Kg8 25. Qf5 Ne7 26. Qe6+ Rf7 27. Nd4
Rb8 28. Rc1 Rb6 29. Nc6 Nxc6 30. Rxc6 Rxc6 31. Qxc6 Qd6 32. Qa8+ Rf8 33. Re8 d4
34. Rxf8+ Qxf8 35. Qd5+ Qf7 36. Qxd4 Qxa2 37. Qd8+ Kf7 38. Qxc7+ Kg6 39. Qg3+
Kf7 40. Qc7+ Kg6 41. Qg3+ Kf7 42. Qc7+ {Game drawn by repetition} 1/2-1/2

[Event "Team 45 45 League T44"]
[Site "Internet Chess Club"]
[Date "2010.02.14"]
[Round "2"]
[White "nozmov"]
[Black "rd00d"]
[Result "0-1"]
[WhiteElo "1376"]
[BlackElo "1414"]
[Opening "Bird's opening"]
[ECO "A02"]
[Time "13:05:21"]
[TimeControl "2700+45"]

1. f4 e6 2. Nf3 d5 3. b3 Bd6 4. e3 Nf6 5. Bb2 b6 6. Bd3 Ba6 7. Qe2 Bxd3 8. cxd3
O-O 9. O-O c5 10. Ne5 Nbd7 11. g4 Qc7 12. g5 Ne8 13. d4 cxd4 14. Rc1 Qb7 15.
exd4 Nxe5 16. fxe5 Be7 17. Ba3 g6 18. Qg4 Ng7 19. Bxe7 Qxe7 20. Nc3 Nf5 21. Rc2
Qb4 22. Ne2 Rfc8 23. Rac1 Rxc2 24. Rxc2 Qf8 25. Ng3 Rc8 26. Rxc8 Qxc8 27. Qd1
Nxd4 28. h4 Qc7 29. Qf1 Qxe5 30. Kg2 Nf5 31. Nxf5 Qxf5 32. Qf2 Qxf2+ 33. Kxf2
Kf8 34. Kf1 Ke7 35. Ke2 Kd6 36. d3 Ke5 37. Ke3 a6 38. b4 a5 39. a3 d4+ 40. Kf3
Kd5 41. Ke2 axb4 42. axb4 Kc6 43. Kd2 Kb5 44. Kc2 Kxb4 45. Kb2 b5 46. Kc2 Ka3
47. Kb1 b4 48. Ka1 Kb3 49. Kb1 Kc3 50. Kc1 Kxd3 51. Kd1 b3 52. Kc1 Ke2 {White
resigns} 0-1

[Event "Team 45 45 League T44"]
[Site "Internet Chess Club"]
[Date "2010.02.15"]
[Round "2"]
[White "seattleblues"]
[Black "Aquaman"]
[Result "1-0"]
[WhiteElo "1279"]
[BlackElo "1279"]
[Opening "QP counter-gambit (elephant gambit)"]
[ECO "C40"]
[Time "15:00:16"]
[TimeControl "2700+45"]

1. e4 e5 2. Nf3 d5 3. exd5 e4 4. Nd4 Nf6 5. Nc3 Bc5 6. Nb3 Be7 7. Be2 O-O 8. O-O
Nxd5 9. Nxe4 Bf5 10. Ng3 Be6 11. d4 Nc6 12. c4 Nf6 13. d5 Nxd5 14. cxd5 Bxd5 15.
Nd4 Ne5 16. Ndf5 Bc5 17. Nh5 g6 18. Nh6+ Kh8 19. Nf4 Bc6 20. Qxd8 Raxd8 21. b3
Bd4 22. Rb1 Be4 23. Ba3 c5 24. Rbc1 b6 25. Kh1 Kg7 26. Ng4 Nd7 27. f3 Bb7 28.
Nd3 h5 29. Ngf2 Rde8 30. Rfe1 Ba6 31. Ne4 f5 32. Nd6 Re6 33. Nc4 Kf7 34. Nf4 Rc6
35. Nd6+ Rxd6 36. Bxa6 Nb8 37. Bc4+ Kf6 38. Re6+ Rxe6 39. Nxe6 Re8 40. Nxd4 cxd4
41. Bb2 Ke5 42. Re1+ {Black resigns} 1-0

[Event "Team 45 45 League T44"]
[Site "Internet Chess Club"]
[Date "2010.02.13"]
[Round "2"]
[White "GadsHill"]
[Black "mongmong"]
[Result "1-0"]
[WhiteElo "1519"]
[BlackElo "1590"]
[Opening "Bogo-Indian defense, Nimzovich variation"]
[ECO "E11"]
[Time "22:00:21"]
[TimeControl "2700+45"]

1. d4 e6 2. c4 Nf6 3. Nf3 Bb4+ 4. Bd2 Qe7 5. g3 Nc6 6. Bg2 Bxd2+ 7. Nbxd2 d6 8.
O-O a5 9. e4 e5 10. d5 Nb8 11. Ne1 h5 12. Nef3 Bg4 13. Qb3 b6 14. Qe3 Nh7 15.
Nh4 Qg5 16. h3 Qxe3 17. fxe3 Bd7 18. Nf5 g6 19. Nh4 Ng5 20. Kh2 Na6 21. Rf6 Ke7
22. Raf1 Raf8 23. R6f2 Nb4 24. Nhf3 Nh7 25. h4 Nxa2 26. Bh3 Bxh3 27. Kxh3 Nb4
28. Ng5 Nxg5+ 29. hxg5 Nd3 30. Rf6 Nxb2 31. c5 bxc5 32. Rb1 Nd3 33. Rb7 Rc8 34.
Nc4 Ke8 35. Nxa5 Nb4 36. Nc4 Rf8 37. Na3 Na6 38. Nb5 Kd8 39. Na7 Ra8 40. Nc6+
Kc8 41. Rb2 Nb8 42. Ne7+ Kd7 43. Nxg6 Rg8 44. Rxf7+ Kd8 45. Nf8 Ke8 46. Rbf2 Na6
47. Ne6 Rc8 48. g6 c4 49. g7 c3 50. Rf8+ {Black resigns} 1-0

[Event "Team 45 45 League T44"]
[Site "Internet Chess Club"]
[Date "2010.02.14"]
[Round "2"]
[White "oldprez"]
[Black "wrimle"]
[Result "0-1"]
[WhiteElo "1483"]
[BlackElo "1539"]
[Opening "Caro-Kann: advance variation"]
[ECO "B12"]
[Time "15:03:51"]
[TimeControl "2700+45"]

1. e4 c6 2. d4 d5 3. e5 Bf5 4. Bd3 Bxd3 5. Qxd3 e6 6. Nf3 c5 7. Qb5+ Qd7 8.
Qxd7+ Nxd7 9. c3 cxd4 10. cxd4 Ne7 11. Nc3 Nf5 12. O-O Bb4 13. a3 Ba5 14. b4 Bb6
15. Nb5 O-O 16. Bb2 a6 17. Nd6 Nxd6 18. exd6 Rac8 19. Ne5 Rfd8 20. Rac1 Nf6 21.
Rxc8 Rxc8 22. d7 Rd8 23. Rc1 Kf8 24. Rc8 Ke7 25. Rxd8 Bxd8 26. a4 Nxd7 27. f4 f6
28. Nd3 Nb6 29. Nc5 Nc4 30. Bc1 a5 31. b5 b6 32. Na6 Nd6 33. Nb8 Kf7 34. Nc6 Bc7
35. g4 Ne4 36. f5 exf5 37. gxf5 Nc3 38. Ba3 Nxa4 39. Ne7 Nc3 40. Bb2 Kxe7 41.
Bxc3 g6 42. fxg6 hxg6 43. h3 Ke6 44. Kf2 Kf5 45. Kf3 Bd6 46. Ke3 Bf4+ 47. Kf3
Bc1 48. Be1 a4 49. Ke2 a3 50. Bc3 Bb2 51. Kd2 Bxc3+ 52. Kxc3 Ke4 53. Kb3 Kxd4
54. Kxa3 Kd3 55. Kb4 f5 {White resigns} 0-1

[Event "Team 45 45 League T44"]
[Site "Internet Chess Club"]
[Date "2010.02.15"]
[Round "2"]
[White "sdcohle"]
[Black "MCJR"]
[Result "1-0"]
[WhiteElo "1416"]
[BlackElo "1369"]
[Opening "QGD Slav defense"]
[ECO "D10"]
[Time "22:00:07"]
[TimeControl "2700+45"]

1. d4 d5 2. c4 c6 3. e3 Nf6 4. Nc3 e6 5. Bd2 Nbd7 6. Nf3 dxc4 7. Bxc4 b5 8. Bb3
Bd6 9. O-O O-O 10. a3 a6 11. Rc1 Bb7 12. Na2 Rc8 13. Bb4 c5 14. dxc5 Nxc5 15.
Bxc5 Bxc5 16. Qe2 Qc7 17. h3 Rfd8 18. Ng5 h6 19. Nxe6 fxe6 20. Bxe6+ Kh8 21.
Bxc8 Rxc8 22. Nb4 Qf7 23. Nd3 Qe7 24. b4 Bd6 25. Rxc8+ Bxc8 26. Rc1 Bd7 27. Qf3
Qe6 28. Nc5 Qa2 29. Nxd7 Nxd7 30. Rc8+ Kh7 31. Qf5+ g6 32. Qxd7+ {Black resigns}
1-0

[Event "Team 45 45 League T44"]
[Site "Internet Chess Club"]
[Date "2010.02.15"]
[Round "2"]
[White "tcianciola"]
[Black "TroyO"]
[Result "1/2-1/2"]
[WhiteElo "1194"]
[BlackElo "1368"]
[Opening "Sicilian: Najdorf, Byrne (English) attack"]
[ECO "B90"]
[Time "21:00:14"]
[TimeControl "2700+45"]

1. e4 c5 2. Nf3 d6 3. d4 cxd4 4. Nxd4 Nf6 5. Nc3 a6 6. Be3 e6 7. Bd3 Be7 8. O-O
Nbd7 9. h3 b5 10. a4 b4 11. Nce2 Bb7 12. Ng3 Nc5 13. Qd2 a5 14. f3 Nxd3 15. Qxd3
O-O 16. Rab1 Ba6 17. Nb5 Rb8 18. Rfd1 Qd7 19. c3 Bxb5 20. axb5 Qxb5 21. c4 Qa6
22. b3 Nd7 23. Ra1 Nc5 24. Bxc5 dxc5 25. Qe3 Rfd8 26. Qf4 Bd6 27. Qg4 Bxg3 28.
Qxg3 Rxd1+ 29. Rxd1 Rc8 30. Qc7 Qa8 31. Qe7 h6 32. Rd7 Rf8 33. Qxc5 Rd8 34. Qa7
Qxa7+ 35. Rxa7 Rd1+ 36. Kf2 Rb1 37. Rxa5 Rxb3 38. Ra4 Kf8 39. Ke2 Ke7 40. Kd2
Kd6 41. Kc2 Re3 42. Rxb4 Kc5 43. Rb3 Re2+ 44. Kd3 Rxg2 45. Rb8 Rg3 46. Rf8 Rxf3+
47. Ke2 Rxh3 48. Rxf7 Kxc4 49. Rxg7 Kd4 50. Re7 Kxe4 51. Rxe6+ Kf4 52. Kf2 Kg5
53. Kg2 Rd3 54. Re8 Kg4 55. Rg8+ Kh4 56. Kh2 h5 57. Rh8 Rd2+ 58. Kg1 Kg3 59.
Rg8+ Kh3 60. Rh8 h4 61. Rh5 Kg4 62. Rh7 Kg3 63. Rg7+ Kh3 64. Rf7 Rg2+ 65. Kh1
{Game drawn by mutual agreement} 1/2-1/2

[Event "Team 45 45 League T44"]
[Site "Internet Chess Club"]
[Date "2010.02.11"]
[Round "2"]
[White "The-Capitalist"]
[Black "cazj"]
[Result "0-1"]
[WhiteElo "1358"]
[BlackElo "1268"]
[Opening "Ruy Lopez: classical defense, 4.c3"]
[ECO "C64"]
[Time "21:00:33"]
[TimeControl "2700+45"]

1. e4 e5 2. Nf3 Nc6 3. Bb5 Bc5 4. c3 Nf6 5. O-O Nxe4 6. d4 Bb6 7. dxe5 d6 8.
exd6 cxd6 9. Re1 Bxf2+ 10. Kf1 Bxe1 11. Qxe1 Bf5 12. Nd4 Qc8 13. Nd2 d5 14. Nxe4
Bxe4 15. c4 O-O 16. cxd5 Nxd4 17. Qxe4 Nxb5 18. Bd2 Re8 19. Qd3 Qg4 20. Qxb5
Qf5+ 21. Kg1 Rad8 22. Re1 Rxe1+ 23. Bxe1 Qxd5 24. Qxd5 Rxd5 25. b4 b5 26. g4 Rd3
27. h4 Ra3 28. Kg2 Rxa2+ 29. Kf3 f6 30. Kf4 Rc2 31. g5 Rc4+ 32. Kf5 Kf7 33. h5
g6+ {White resigns} 0-1

[Event "Team 45 45 League T44"]
[Site "Internet Chess Club"]
[Date "2010.02.13"]
[Round "2"]
[White "baseball613"]
[Black "MateIn42"]
[Result "0-1"]
[WhiteElo "1285"]
[BlackElo "1371"]
[Opening "Queen's pawn"]
[ECO "A40"]
[Time "21:54:33"]
[TimeControl "2700+45"]

1. d4 e6 2. Nf3 b6 3. Bf4 Bb7 4. e3 Nf6 5. Bd3 g6 6. c3 Bg7 7. Nbd2 d6 8. Be2
Nbd7 9. h3 Qe7 10. O-O c5 11. Rc1 O-O 12. Qb3 Rfc8 13. c4 e5 14. dxe5 dxe5 15.
Bh2 Re8 16. Rfd1 Rad8 17. Qa3 a5 18. b3 e4 19. Ne1 Ne5 20. Qb2 Nfg4 21. hxg4
Nf3+ 22. Bxf3 Bxb2 23. Rc2 Qf6 24. Be2 Be5 25. Bxe5 Qxe5 26. Rb1 Rd7 27. a3 Red8
28. Nf1 f5 29. gxf5 gxf5 30. b4 f4 31. exf4 Qxf4 32. Ne3 Rd6 33. bxc5 Rh6 34.
Nf1 e3 35. fxe3 Qh4 36. cxb6 Qh1+ 37. Kf2 Rf8+ 38. Nf3 Qh4+ 39. Ng3 Rg6 40. c5
Qxg3+ 41. Kf1 Qxg2+ 42. Ke1 Qh1+ 43. Bf1 Qxf3 44. Bc4+ Kg7 45. Bd3 Rg1+ 46. Kd2
Rxb1 47. Rc4 Qd1+ 48. Kc3 Rc1+ 49. Kd4 Rxc4+ {White resigns} 0-1

[Event "Team 45 45 League T44"]
[Site "Internet Chess Club"]
[Date "2010.02.12"]
[Round "2"]
[White "bowwrestler"]
[Black "mmf00"]
[Result "0-1"]
[WhiteElo "1027"]
[BlackElo "1603"]
[Opening "Sicilian: Hungarian variation"]
[ECO "B34"]
[Time "11:00:24"]
[TimeControl "2700+45"]

1. e4 c5 2. Nf3 g6 3. d4 cxd4 4. Nxd4 Nc6 5. Be3 Nf6 6. Bd3 d5 7. exd5 Nxd5 8.
Qd2 Nxe3 9. Qxe3 Qxd4 10. Nc3 Qxe3+ 11. fxe3 Bg7 12. O-O O-O 13. Rad1 Be6 14. a3
Rfd8 15. Rd2 Ne5 16. Rfd1 Nxd3 17. cxd3 Rac8 18. Ne4 Bb3 19. Re1 f5 20. Ng3 Rc6
21. Ne2 Rdc8 22. h3 Rc2 23. Rxc2 Rxc2 24. d4 Rxb2 25. Nf4 Bh6 26. Nd3 Rd2 27.
Nc5 Bd5 28. e4 fxe4 29. Nxe4 Rxd4 30. Nf2 e6 31. Ng4 Bg7 32. Ne3 Re4 33. Kf2 Bd4
34. g3 Kf7 35. h4 Kf6 36. Re2 Bxe3+ 37. Rxe3 Rxe3 38. Kxe3 Ke5 39. g4 h6 40. a4
b6 41. h5 gxh5 42. gxh5 a6 43. Kd3 Bb3 44. Kc3 Bxa4 45. Kb4 b5 46. Ka3 Kd4 47.
Kb4 e5 48. Ka3 e4 49. Kb2 e3 50. Kc1 Kd3 51. Kb2 e2 52. Kc1 e1=Q+ 53. Kb2 a5 54.
Ka2 Qd2+ 55. Ka3 Qb4+ 56. Ka2 Qb3+ 57. Ka1 Qa3+ 58. Kb1 Bc2# {White checkmated}
0-1

[Event "Team 45 45 League T44"]
[Site "Internet Chess Club"]
[Date "2010.02.13"]
[Round "2"]
[White "iwin2"]
[Black "KidRattler"]
[Result "1-0"]
[WhiteElo "1045"]
[BlackElo "950"]
[Opening "Four knights: Ranken variation"]
[ECO "C48"]
[Time "11:00:22"]
[TimeControl "2700+45"]

1. e4 e5 2. Nf3 Nc6 3. Nc3 Nf6 4. Bb5 a6 5. Bxc6 dxc6 6. Nxe5 Qd4 7. Nf3 Qd6 8.
O-O Qe6 9. e5 Ng4 10. Re1 Qh6 11. d4 Qe6 12. Ng5 Qd7 13. h3 Nh6 14. d5 Nf5 15.
dxc6 Qxc6 16. Qf3 Qxf3 17. Nxf3 Bc5 18. Rd1 Bd7 19. Nd5 Rc8 20. Be3 Bxe3 21.
fxe3 O-O 22. g4 Nh6 23. Ne7+ Kh8 24. Nxc8 Bxc8 25. g5 Ng8 26. Rd2 Bxh3 27. Rad1
Be6 28. Rd8 Rxd8 29. Rxd8 g6 30. Nd4 c6 31. Nxe6 fxe6 32. Re8 Kg7 33. Rxe6 h5
34. Rd6 Ne7 35. Rd7 Kf7 36. Rxb7 Kf8 37. Rb8+ Kf7 38. Rb7 Kf8 39. e4 Ke8 40. e6
Kd8 41. Rb8+ Kc7 42. Re8 Kd6 43. c4 Kxe6 44. Kf2 Kf7 45. Ra8 Ke6 46. Rxa6 Ke5
47. Ra7 Nc8 48. Rc7 Nd6 49. Rxc6 Nxe4+ 50. Ke3 Nxg5 51. a4 h4 52. a5 h3 53. Rxg6
Kf5 54. Rh6 Kg4 55. Kf2 Ne4+ 56. Kg1 Kg3 57. a6 Nf2 58. a7 h2+ 59. Kf1 h1=Q+ 60.
Rxh1 Nxh1 61. a8=Q Nf2 62. c5 Ne4 63. Qxe4 Kh2 64. c6 Kh3 65. Qg6 Kh2 66. c7 Kh3
67. c8=Q+ Kh2 68. Qh8# {Black checkmated} 1-0

[Event "Team 45 45 League T44"]
[Site "Internet Chess Club"]
[Date "2010.02.13"]
[Round "2"]
[White "bajerk"]
[Black "SeniorCitizen"]
[Result "0-1"]
[WhiteElo "1304"]
[BlackElo "1287"]
[Opening "French defense"]
[ECO "C00"]
[Time "04:00:22"]
[TimeControl "2700+45"]

1. e4 e6 2. Nf3 d5 3. exd5 exd5 4. d4 Nf6 5. a3 Be7 6. Be2 O-O 7. Nc3 Bf5 8. h3
c6 9. Nh4 Be6 10. Bf4 Ne4 11. Nxe4 dxe4 12. g3 Bxh4 13. gxh4 Qxh4 14. Bg3 Qe7
15. Bg4 Nd7 16. Bxe6 Qxe6 17. Qe2 Nf6 18. c4 Rfe8 19. O-O-O Rac8 20. Kb1 Qf5 21.
Ka1 Qf3 22. Qd2 e3 23. fxe3 Qxg3 24. Rdg1 Qxe3 25. Qd1 Rcd8 26. Re1 Qxd4 27. Qb3
Rxe1+ 28. Rxe1 Qd7 29. Rf1 b5 30. cxb5 cxb5 31. Qg3 Qd6 32. Qg1 a5 33. Qg5 Qd5
34. Qg3 Qd3 35. Qg5 Qxf1+ {White resigns} 0-1

[Event "Team 45 45 League T44"]
[Site "Internet Chess Club"]
[Date "2010.02.13"]
[Round "2"]
[White "KingOfHearts"]
[Black "damnwrite"]
[Result "1-0"]
[WhiteElo "1296"]
[BlackElo "1141"]
[Opening "Ruy Lopez: old Steinitz defense"]
[ECO "C62"]
[Time "18:00:05"]
[TimeControl "2700+45"]

1. e4 e5 2. Nf3 Nc6 3. Bb5 d6 4. h3 Bd7 5. Nc3 Nf6 6. d3 Nd4 7. Bxd7+ Qxd7 8.
O-O c5 9. a4 d5 10. Nxe5 Qe6 11. Re1 dxe4 12. Nxe4 Nxe4 13. Rxe4 Be7 14. b4 O-O
15. Bb2 Rad8 16. b5 Bf6 17. Nc6 Qd5 18. Nxd8 Rxd8 19. Qe1 Nxc2 20. Re8+ {Black
resigns} 1-0

[Event "Team 45 45 League T44"]
[Site "Internet Chess Club"]
[Date "2010.02.11"]
[Round "2"]
[White "NewfieKnight"]
[Black "chips"]
[Result "0-1"]
[WhiteElo "1087"]
[BlackElo "1217"]
[Opening "Torre attack (Tartakower variation)"]
[ECO "D03"]
[Time "19:01:05"]
[TimeControl "2700+45"]

1. d4 Nf6 2. Nf3 d5 3. Bg5 Nbd7 4. c4 h6 5. Bxf6 Nxf6 6. cxd5 Qxd5 7. Nc3 Qa5 8.
e3 e6 9. a3 c6 10. Bd3 Nd5 11. b4 Qd8 12. Qd2 Nf6 13. h3 Be7 14. O-O O-O 15. Ne4
Nxe4 16. Bxe4 f5 17. Bc2 Bf6 18. Qd3 a5 19. e4 Qd7 20. e5 Be7 21. g4 axb4 22. a4
c5 23. Qe3 b6 24. Rfd1 Qc6 25. Bb3 Bb7 26. d5 Qe8 27. d6 Bxf3 28. Qxf3 fxg4 29.
Qxg4 Bg5 30. Bxe6+ Kh8 31. d7 Qe7 32. Re1 Rf4 33. Qe2 Qxe6 34. Qb5 Qxh3 35. Rad1
Rg4# {White checkmated} 0-1

[Event "Team 45 45 League T44"]
[Site "Internet Chess Club"]
[Date "2010.02.15"]
[Round "2"]
[White "Graybeard"]
[Black "theartist"]
[Result "0-1"]
[WhiteElo "1134"]
[BlackElo "1182"]
[Opening "French: Fort Knox variation"]
[ECO "C10"]
[Time "12:29:38"]
[TimeControl "2700+45"]

1. e4 e6 2. d4 d5 3. Nc3 dxe4 4. Nxe4 Bd7 5. Nf3 Bc6 6. Bd3 Nd7 7. O-O Ngf6 8.
Ng3 Bd6 9. Re1 O-O 10. Ne5 Bxe5 11. dxe5 Ne8 12. Bf4 h6 13. c4 Nc5 14. Bc2 g5
15. Qh5 Kg7 16. Rad1 Qe7 17. b4 gxf4 18. Qg4+ Qg5 19. Nh5+ Kh8 20. Qxg5 hxg5 21.
bxc5 Ng7 22. Nf6 Rad8 23. Rxd8 Rxd8 24. Rd1 Rxd1+ 25. Bxd1 Nf5 26. Bf3 Bxf3 27.
gxf3 Nh4 28. h3 Nxf3+ 29. Kg2 Nxe5 30. Ne4 g4 31. h4 Ng6 32. h5 Nh4+ 33. Kf1 Nf5
34. Ke1 Kg7 35. a4 Kh6 36. Nf6 Kg5 37. h6 Nxh6 38. Ne4+ Kf5 39. f3 Ke5 40. Ke2
Kd4 41. Nf6 g3 42. Kf1 Kxc5 43. Nh5 e5 44. Kg2 Kxc4 45. Nxg3 fxg3 46. Kxg3 Kb4
47. Kf2 Kxa4 48. Ke3 b5 49. Kd3 Kb3 {White resigns} 0-1

[Event "Team 45 45 League T44"]
[Site "Internet Chess Club"]
[Date "2010.02.14"]
[Round "2"]
[White "jjaillet2007"]
[Black "ilknight"]
[Result "1/2-1/2"]
[WhiteElo "1282"]
[BlackElo "1387"]
[Opening "QGD: exchange, positional line"]
[ECO "D35"]
[Time "19:01:08"]
[TimeControl "2700+45"]

1. d4 Nf6 2. c4 e6 3. Nc3 d5 4. cxd5 exd5 5. Bg5 Be6 6. e3 Be7 7. Bd3 O-O 8. Nf3
Nbd7 9. O-O c5 10. Re1 h6 11. Bh4 Ne8 12. Bxe7 Qxe7 13. e4 Qd6 14. exd5 Bxd5 15.
Be4 Bxe4 16. Nxe4 Qb6 17. b3 cxd4 18. Qxd4 Qxd4 19. Nxd4 Ndf6 20. Rac1 Nxe4 21.
Rxe4 Nd6 22. Re3 Rac8 23. Rec3 Rxc3 24. Rxc3 Rc8 25. Rxc8+ Nxc8 26. g4 Nd6 27.
f3 Kh7 28. Kf2 Kg6 29. Kg3 f5 30. h3 Kf6 31. h4 g5 32. hxg5+ hxg5 33. gxf5 Nxf5+
34. Nxf5 Kxf5 35. a4 a6 36. a5 Ke5 37. Kg4 Kf6 38. b4 Kg6 39. f4 gxf4 40. Kxf4
Kf6 41. Ke4 Ke6 42. Kd4 Kd6 43. Kc4 Kc6 44. b5+ axb5+ 45. Kb4 b6 46. a6 Kc7 47.
Kxb5 Kb8 48. Kxb6 Ka8 49. Ka5 Ka7 50. Kb5 Kb8 51. Kb6 Ka8 {Game drawn by mutual
agreement} 1/2-1/2

[Event "Team 45 45 League T44"]
[Site "Internet Chess Club"]
[Date "2010.02.13"]
[Round "2"]
[White "JimGaming"]
[Black "joaoazm"]
[Result "1-0"]
[WhiteElo "1311"]
[BlackElo "1221"]
[Opening "Scotch opening"]
[ECO "C44"]
[Time "19:00:13"]
[TimeControl "2700+45"]

1. e4 e5 2. Nf3 Nc6 3. d4 Bd6 4. Bc4 Nf6 5. dxe5 Nxe5 6. Nxe5 Bxe5 7. O-O Nxe4
8. Bxf7+ Kxf7 9. Qd5+ Ke8 10. Qxe5+ Qe7 11. Qxe7+ Kxe7 12. Re1 d5 13. Nc3 c6 14.
Bg5+ Kd6 15. Nxe4+ dxe4 16. Rxe4 Bf5 17. Bf4+ Kd7 18. Rd4+ Kc8 19. c3 b5 20.
Rad1 Kb7 21. R1d2 Rae8 22. h3 h6 23. f3 g5 24. Bh2 a5 25. g4 Bc8 26. b4 a4 27.
a3 Re1+ 28. Kg2 Rhe8 29. Re4 R1xe4 30. fxe4 Rxe4 31. Kf2 Rc4 32. Rd3 c5 33. Bd6
cxb4 34. Bxb4 Rf4+ 35. Ke2 Re4+ 36. Re3 Rxe3+ 37. Kxe3 Kc6 38. Ke4 Kd7 39. Ke5
Bb7 40. Kf6 Bg2 41. Kg6 Bxh3 42. Kh5 Ke6 43. Bf8 Kd5 44. Bxh6 Kc4 45. Bxg5 Kxc3
46. Kh4 Bf1 47. Be7 Bc4 48. g5 Bf7 49. Kg4 Kb3 50. Kf5 b4 51. Bxb4 Bh5 52. g6
Bxg6+ 53. Kxg6 Kc4 54. Kf5 Kb3 55. Ke4 Kc4 56. Ke3 Kb3 57. Kd3 Ka2 58. Kc3 Ka1
59. Be7 Ka2 60. Kb4 {Black resigns} 1-0

[Event "Team 45 45 League T44"]
[Site "Internet Chess Club"]
[Date "2010.02.12"]
[Round "2"]
[White "Cicero"]
[Black "stillday"]
[Result "1/2-1/2"]
[WhiteElo "1150"]
[BlackElo "1220"]
[Opening "Queen's pawn game"]
[ECO "A46"]
[Time "21:00:12"]
[TimeControl "2700+45"]

1. d4 Nf6 2. Nf3 c5 3. e3 e6 4. Bd3 cxd4 5. exd4 b6 6. c4 Bb7 7. O-O Be7 8. Nc3
O-O 9. Qe2 d5 10. b3 Nc6 11. a3 dxc4 12. bxc4 Nxd4 13. Nxd4 Qxd4 14. Bb2 Qf4 15.
Bc1 Qd4 16. Bb2 Qf4 17. Bc1 Qd4 18. Bb2 {Game drawn by repetition} 1/2-1/2

[Event "Team 45 45 League T44"]
[Site "Internet Chess Club"]
[Date "2010.02.13"]
[Round "2"]
[White "sere"]
[Black "PsyMar"]
[Result "0-1"]
[WhiteElo "1112"]
[BlackElo "1124"]
[Opening "QGD semi-Slav"]
[ECO "D43"]
[Time "10:02:28"]
[TimeControl "2700+45"]

1. d4 d5 2. c4 c6 3. Nc3 Nf6 4. Nf3 e6 5. Bf4 Nh5 6. Bg5 Be7 7. g4 Bxg5 8. Nxg5
Qxg5 9. gxh5 Qxh5 10. cxd5 exd5 11. e4 Qxd1+ 12. Rxd1 dxe4 13. d5 Bf5 14. Bg2
Bg4 15. Rc1 f5 16. O-O O-O 17. dxc6 Nxc6 18. Nd5 Rac8 19. Rxc6 bxc6 20. Ne7+ Kh8
21. Nxc8 Rxc8 22. Rd1 Bxd1 {White resigns} 0-1

[Event "Team 45 45 League T44"]
[Site "Internet Chess Club"]
[Date "2010.02.13"]
[Round "2"]
[White "rayonline53"]
[Black "noblitz-oblige"]
[Result "1-0"]
[WhiteElo "1535"]
[BlackElo "1691"]
[Opening "Kevitz-Trajkovich defense"]
[ECO "A50"]
[Time "05:36:49"]
[TimeControl "2700+45"]

1. d4 Nf6 2. c4 Nc6 3. Nc3 e5 4. d5 Ne7 5. e4 Ng6 6. g3 Bc5 7. Bg2 d6 8. Nge2
Ng4 9. O-O Qf6 10. Qe1 h5 11. h3 Nh6 12. Na4 Bd7 13. Nxc5 dxc5 14. h4 Qd6 15.
Nc3 a6 16. a3 f5 17. exf5 Nxf5 18. Ne4 Qe7 19. Bg5 Qf7 20. Nxc5 Nd4 21. Rc1 Bg4
22. Kh1 Be2 23. Rg1 Qf5 24. Ne6 Nxe6 25. dxe6 Qg4 26. Qd2 O-O 27. Qe3 Bxc4 28.
e7 Rf7 29. Kh2 Nxe7 30. Qc5 Bd5 31. Bxe7 Bxg2 32. Rxg2 {Black resigns} 1-0

[Event "Team 45 45 League T44"]
[Site "Internet Chess Club"]
[Date "2010.02.11"]
[Round "2"]
[White "RD1974"]
[Black "nursey"]
[Result "0-1"]
[WhiteElo "1688"]
[BlackElo "1562"]
[Opening "QGD: exchange, positional line"]
[ECO "D35"]
[Time "16:02:22"]
[TimeControl "2700+45"]

1. d4 d5 2. c4 e6 3. Nc3 Nf6 4. cxd5 exd5 5. Bg5 Bg4 6. Bxf6 gxf6 7. Qb3 Nc6 8.
e3 Bb4 9. Ne2 Rg8 10. g3 Bf3 11. Rg1 Qd7 12. a3 Bxc3+ 13. bxc3 Na5 14. Qb4 b6
15. Nf4 c6 16. Be2 Bxe2 17. Kxe2 Nc4 18. a4 f5 19. h3 Rc8 20. Rgc1 c5 21. Qb5
Rc6 22. Nh5 Rg5 23. h4 Rxh5 24. dxc5 Rxc5 25. Qb1 Qe6 26. Qd3 f4 27. Kf1 Qh3+
28. Ke2 fxg3 29. Qd4 Rxh4 30. Qh8+ Kd7 31. Qf6 Qg4+ 32. Kd3 Qe4+ 33. Ke2 Ke8 34.
Qh8+ Ke7 35. Qb8 Qg4+ 36. Kd3 Qf5+ 37. Ke2 Qxf2+ 38. Kd3 Qd2# {White checkmated}
0-1

[Event "Team 45 45 League T44"]
[Site "Internet Chess Club"]
[Date "2010.02.15"]
[Round "2"]
[White "CheeryCherry"]
[Black "Dr-Checkmate"]
[Result "1-0"]
[WhiteElo "1702"]
[BlackElo "1502"]
[Opening "Scandinavian: Marshall variation"]
[ECO "B01"]
[Time "14:01:07"]
[TimeControl "2700+45"]

1. e4 d5 2. exd5 Nf6 3. d4 Nxd5 4. Nc3 Nc6 5. Nf3 Bg4 6. Bb5 e6 7. O-O Bd6 8. h3
h5 9. Nxd5 exd5 10. Re1+ Kf8 11. hxg4 hxg4 12. Ng5 Bh2+ 13. Kf1 Qf6 14. Bxc6 Bf4
15. Qxg4 Bxc1 16. Raxc1 bxc6 17. f3 Rh6 18. c3 Kg8 19. Kf2 Rg6 20. Re5 {Black
resigns} 1-0

[Event "Team 45 45 League T44"]
[Site "Internet Chess Club"]
[Date "2010.02.13"]
[Round "2"]
[White "Bible-Believer"]
[Black "oldprez"]
[Result "1-0"]
[WhiteElo "1559"]
[BlackElo "1465"]
[Opening "King's Indian: London system"]
[ECO "A48"]
[Time "13:32:08"]
[TimeControl "2700+45"]

1. d4 Nf6 2. Nf3 g6 3. Bf4 Bg7 4. e3 O-O 5. Be2 d6 6. h3 Nbd7 7. O-O c5 8. c3
cxd4 9. exd4 Nd5 10. Bh2 N7f6 11. Nbd2 Bd7 12. Re1 Rc8 13. Qb3 Nh5 14. Qxd5 Bc6
15. Qb3 Bh6 16. Rac1 Nf4 17. Bxf4 Bxf4 18. Rcd1 Qd7 19. Qc2 Bd5 20. a3 Be6 21.
Bf1 Rc6 22. Qe4 Bxd2 23. Rxd2 d5 24. Qe3 a6 25. Ne5 Qd6 26. Nxc6 Qxc6 27. Qg5 f6
28. Qg3 Rf7 29. Be2 f5 30. Bf3 f4 31. Qg5 Qd6 32. Qe5 Rf6 33. Qxd6 exd6 34. Rde2
Bf5 35. Bxd5+ {Black resigns} 1-0